Match 41124263
Unlisted

Match 41124263
End
Panzergrenadier Squad
Selects Armored Support Battlegroup
250 Light Carrier
Panzergrenadier Squad
Construct Light Support Kompanie
Fire Support Elements
Combat Half-tracks
Panzerjäger Squad
Selects Salvage Kits
Flakvierling Half-track
Construct Mechanized Kompanie
2.5-tonne Medical Truck
Selects Superior Fire Drills
Panzergrenadier Squad
Vehicle Survival Package
StuG III D Assault Gun
Selects Panzer Storm
Emergency Repair Kits
Panzerpioneer Squad
Marder III Tank Destroyer
254 Reconnaissance Tractor
Construct Panzerarmee Kommand
Selects Flammpanzer III Medium Tank
Walking Stuka Rocket Launcher
Armored Reserves
Panzerpioneer Squad
Tiger Heavy Tank
Tungsten Core Ammunition
Selects Battlefield Salvage
Flammpanzer III Medium Tank
Rapid Advance
ViNdiKatioN
Mounstroz
SkyBandits
Wertio
SgtSteiner
Joe Bizon
ZyG | IronPriest
Daggerslash
0
0

Comments sign in to comment!

No comments posted yet!